 Dungeon Crawl Stone Soup version 0.22-a0-533-g4d20840 (webtiles) character file.

163 Mgcat the Chopper (level 5, -2/45 HPs)
             Began as a Hill Orc Abyssal Knight on June 22, 2018.
             Was a Priest of Lugonu.
             Slain by an ogre
             ... wielding a +0 giant spiked club
              (21 damage)
             ... on level 4 of the Dungeon.
             The game lasted 00:06:45 (3363 turns).

Mgcat the Chopper (Hill Orc Abyssal Knight)         Turns: 3363, Time: 00:06:46

Health: -2/45      AC: 11    Str: 16    XL:     5   Next: 44%
Magic:  6/6        EV:  1    Int: 12    God:    Lugonu [***...]
Gold:   154        SH:  9    Dex: 10    Spells: 4/4 levels left

rFire    . . .     SeeInvis .   a - +1 hand axe
rCold    . . .     Gourm    .   n - +2 shield
rNeg     . . .     Faith    +   b - +0 plate armour
rPois    .         Spirit   .   (no helmet)
rElec    .         Reflect  .   (no cloak)
rCorr    .         Harm     .   (no gloves)
MR       .....                  (no boots)
Stlth    ..........             f - amulet of faith {Faith, !P}
HPRegen  0.15/turn              (no ring)
MPRegen  0.10/turn              (no ring)

@: no status effects
A: no striking features
a: Depart the Abyss, Bend Space, Banish, Renounce Religion


You were on level 4 of the Dungeon.
You worshipped Lugonu.
Lugonu was most pleased with you.
You were not hungry.

You visited 1 branch of the dungeon, and saw 4 of its levels.
You visited the Abyss 1 time.

You collected 154 gold pieces.

Inventory:

Hand Weapons
 a - a +1 hand axe (weapon)
Missiles
 i - 2 throwing nets {=f, !d}
Armour
 b - a +0 plate armour (worn)
   (You found it on level 3 of the Dungeon)
 n - a +2 shield (worn)
   (You found it on level 3 of the Dungeon)
Jewellery
 f - an amulet of faith (around neck) {Faith, !P}
   (You found it on level 1 of the Dungeon)
Wands
 l - a wand of acid (8)
   (You found it on level 4 of the Dungeon)
Scrolls
 e - 5 scrolls of remove curse
Potions
 d - 2 potions of curing
 g - a potion of invisibility {unknown}
 h - a potion of lignification {!q}
 j - a potion of berserk rage {!q}
 k - a potion of might
 o - a potion of heal wounds {unknown}
 p - a potion of mutation {unknown}
 q - a potion of brilliance {unknown}
Comestibles
 c - 4 rations


   Skills:
 - Level 3.6 Fighting
 + Level 7.1 Axes
 + Level 2.4 Armour
 - Level 0.7 Dodging
 - Level 2.4 Invocations


You had 4 spell levels left.
You didn't know any spells.
Your spell library was empty.

Dungeon Overview and Level Annotations

Branches:
Dungeon (4/15)
 Temple: D:4-7

Altars:
Dithmenos
Elyvilon
Nemelex Xobeh
Ru
Sif Muna
Trog
Uskayaw
Zin


Message History

An adder comes into view.
The adder hisses angrily.
An adder is nearby!
You miss the adder. The adder bites you but does no damage.
You closely miss the adder. The adder bites you.
The adder bites you but does no damage.
You hit the adder.
The adder is heavily wounded.
The adder bites you but does no damage.
You closely miss the adder.
The adder is heavily wounded.
The adder bites you but does no damage. You block the adder's attack.
Your shield and plate armour prevent you from hitting the adder.
The adder is heavily wounded.
The adder bites you but does no damage.
You hit the adder.
You kill the adder!
Lugonu accepts your kill.
No target in view!
No target in view!
You butcher the adder corpse.
m - 4 chunks of flesh {@w0} (gained 2)
l - a wand of acid (8) Some of the chunks of flesh in your inventory have rotted away.
o - a lumpy silvery potion
p - a metallic purple potion An adder skeleton comes into view.
You see here a silvery potion.
You block the adder skeleton's attack.
Your shield and plate armour prevent you from hitting the adder skeleton.
The adder skeleton bites you but does no damage.
Your shield and plate armour prevent you from hitting the adder skeleton.
The adder skeleton bites you but does no damage.
You hit the adder skeleton.
The adder skeleton is lightly damaged.
The adder skeleton bites you but does no damage. x2
You hit the adder skeleton.
The adder skeleton is moderately damaged.
You block the adder skeleton's attack.
You slash the adder skeleton!
You destroy the adder skeleton!
Lugonu accepts your kill.
No target in view!
No target in view!
q - a silvery potion Some of the chunks of flesh in your inventory have rotted away.
An adder and an ogre come into view.
The ogre shouts!
The adder hisses angrily.
Found a stone staircase leading up.
You miss the adder. You block the adder's attack.
You hit the adder.
The adder is severely wounded.
The adder bites you but does no damage. The adder bites you.
You are poisoned.
The adder poisons you!
You hit the adder.
You kill the adder!
Lugonu accepts your kill.
You can now banish your foes.
You feel sick.
An orc comes into view. It is wielding a trident.
You feel sick.
You barely miss the ogre.
The ogre hits you with a giant spiked club!
The orc shouts!
You feel sick.
You feel sick.
You feel sick.
You feel sick.
Okay, then.
Unknown command.
Unknown command.
Space bends around you!
You blink.
Space bends around you!
You blink.
You feel sick. You block the orc's attack.
You feel sick.
You are no longer poisoned.
You block the orc's attack.
Found an escape hatch in the ceiling.
There is a stone staircase leading up here.
You see here a +0 chain mail.
You block the orc's attack.
You climb upwards.
There is a stone staircase leading down here.
Unknown command.
You start resting.
Eating one of 2 chunks of flesh {@w0}.
You eat one of the 2 chunks of flesh {@w0}.
This raw flesh tastes terrible.
HP restored.
You start resting.
All of the chunks of flesh in your inventory have rotted away.
HP restored.
You climb downwards.
You block the orc's attack.
The ogre hits you with a giant spiked club!!
Ouch! That really hurt!
You block the orc's attack.
There is a stone staircase leading up, spattered with blood here.
You see here a +0 chain mail.
The ogre hits you with a giant spiked club!!
You die...

#.. .... #.. ....
... #.. ..... ....
#.. ..... .... ..
...... ..#
#.##...... #.#
#..o>.....
#####.####<#......
#........@O.......
.##....##.#.#..##
#<##....##.#... ..
#.##....##.#.#..#
#.##..............
#.##....##........
#.##....####.#..##
###.##....# .#....
#...##....####......


You could see an ogre and an orc.

Vanquished Creatures
  4 gnolls
  4 adders
  A river rat (D:3)
  An ooze (D:2)
  An adder skeleton (D:4)
  2 worms
  2 dart slugs (D:2)
  4 leopard geckos
  2 orcs (D:3)
  6 bats
  2 giant cockroaches
  6 hobgoblins
  6 jackals (D:3)
  5 kobolds
  2 quokkas
  3 ball pythons
  2 frilled lizards
  2 goblins (D:2)
  7 rats
62 creatures vanquished.

Notes
Turn   | Place    | Note
-------+----------+-------------------------------------------
     0 | Abyss:1  | Mgcat the Hill Orc Abyssal Knight began the quest for the Orb.
     0 | Abyss:1  | Reached XP level 1. HP: 19/19 MP: 2/2
    12 | Abyss:1  | Found a corrupted altar of Lugonu.
    80 | Abyss:1  | Found a corrupted altar of Lugonu.
   110 | D:1      | Escaped the Abyss
   351 | D:1      | Reached skill level 3 in Axes
   411 | D:1      | Reached XP level 2. HP: 26/26 MP: 3/3
   431 | D:1      | Reached skill level 4 in Axes
  1137 | D:1      | Reached XP level 3. HP: 31/31 MP: 4/4
  1379 | D:2      | Reached skill level 5 in Axes
  1390 | D:2      | Reached XP level 4. HP: 15/39 MP: 5/5
  1390 | D:2      | HP: 9/39 [dart slug/slug dart (6)]
  1601 | D:2      | Reached ** piety under Lugonu
  1754 | D:2      | Reached skill level 6 in Axes
  2068 | D:3      | Found a glowing silver altar of Zin.
  2077 | D:3      | Found a deep blue altar of Sif Muna.
  2077 | D:3      | Found a hide-covered altar of Uskayaw.
  2077 | D:3      | Found a sparkling altar of Nemelex Xobeh.
  2077 | D:3      | Found a shadowy altar of Dithmenos.
  2080 | D:3      | Found a bloodstained altar of Trog.
  2081 | D:3      | Found a white marble altar of Elyvilon.
  2347 | D:3      | Reached XP level 5. HP: 41/45 MP: 6/6
  2471 | D:3      | Found a faded altar of an unknown god.
  2814 | D:3      | Found a sacrificial altar of Ru.
  2961 | D:3      | Reached skill level 7 in Axes
  3174 | D:4      | Noticed an ogre
  3177 | D:4      | Reached *** piety under Lugonu
  3363 | D:4      | Slain by an ogre

Vault maps used:
D:1:      dpeg_arrival_chambers_temple_mockup, serial_bayou_crossing
D:3:      minitemple, nicolae_ru_path_of_blood, portal_sewer_entry_e,
          first_ration, chequers_ecumenical_altar_lobes
D:4:      old_forge, ebering_ghost_inner_flame, st_stairs_9,
          nemelex_spade_bored_becter
Abyss:1:  hangedman_stitches_earthworm

Skill      XL: |  1  2  3  4  5 |
---------------+----------------+-----
Axes           | 3 4 5 6 7 |  7.1
Fighting       | |  3.6
Armour         | |  2.4
Dodging        | |  0.7
Invocations    | |  2.4

Action                   |  1- 3 |  4- 6 || total
-------------------------+-------+-------++-------
Melee: Hand axe          |    81 |   112 ||   193
Invok: Bend Space        |       |     2 ||     2
  Use: Scroll            |     2 |     4 ||     6
       Potion            |     1 |       ||     1
  Eat: Chunk             |     1 |     7 ||     8
Armor: Leather armour    |    23 |       ||    23
       Chain mail        |     6 |    44 ||    50
       Plate armour      |       |    10 ||    10
Dodge: Dodged            |    45 |    30 ||    75
Block: Shield            |       |     9 ||     9

Table legend:
 A = Spawn XP
 B = Non-spawn XP
 C = Spawn XP percentage of total XP
 D = Spawn monster count
 E = Non-spawn monster count
 F = Spawn count percentage of total count
 G = Total turns spent on level
                    A         B        C        D         E        F      G
               +---------+---------+-------+---------+---------+-------+---------
         Total |       0 |     234 |   0.0 |       0 |      62 |   0.0 |  3363
               +---------+---------+-------+---------+---------+-------+---------
           D:1 |       0 |      35 |   0.0 |       0 |      13 |   0.0 |  1123
           D:2 |       0 |      79 |   0.0 |       0 |      17 |   0.0 |   800
           D:3 |       0 |      89 |   0.0 |       0 |      29 |   0.0 |  1182
           D:4 |       0 |      31 |   0.0 |       0 |       3 |   0.0 |   148
               +---------+---------+-------+---------+---------+-------+---------

Vault maps used:
D:1:      dpeg_arrival_chambers_temple_mockup, serial_bayou_crossing
D:3:      minitemple, nicolae_ru_path_of_blood, portal_sewer_entry_e,
          first_ration, chequers_ecumenical_altar_lobes
D:4:      old_forge, ebering_ghost_inner_flame, st_stairs_9,
          nemelex_spade_bored_becter
Abyss:1:  hangedman_stitches_earthworm

Table legend:
 A = Turns spent in this place as a percentage of turns spent in the entire game.
 B = Non-inter-level travel turns spent in this place as a percentage of non-inter-level travel turns spent in the entire game.
 C = Inter-level travel turns spent in this place as a percentage of turns spent in this place.
 D = Turns resting spent in this place as a percentage of non-inter-level travel turns spent in this place.
 E = Turns spent auto-exploring this place as a percentage of non-inter-level travel turns spent in this place.
 F = Non-inter-level travel turns spent in this place divided by the number of levels of this place that you've seen.
                   A       B       C       D       E      F
               +-------+-------+-------+-------+-------+----------------------
         Total | 100.0 | 100.0 |   5.0 |   8.1 |  75.6 | 639.2
       Dungeon |  96.7 |  96.6 |   5.1 |   8.4 |  74.9 | 771.5
         Abyss |   3.3 |   3.4 |   0.0 |   0.0 |  95.5 | 110.0
               +-------+-------+-------+-------+-------+----------------------

Table legend:
 A = Kills in this place as a percentage of kills in entire the game.
 B = Kills by you in this place as a percentage of kills by you in the entire game.
 C = Kills by friends in this place as a percentage of kills by friends in the entire game.
 D = Other kills in this place as a percentage of other kills in the entire game.
 E = Experience gained in this place as a percentage of experience gained in the entire game.
 F = Experience gained in this place divided by the number of levels of this place that you have seen.
                   A       B       C       D       E      F
               +-------+-------+-------+-------+-------+----------------------
         Total | 100.0 | 100.0 |   N/A |   N/A | 100.0 |  46.8
       Dungeon | 100.0 | 100.0 |   N/A |   N/A | 100.0 |  58.5
               +-------+-------+-------+-------+-------+----------------------
